[Event "FIDE WTC Prel-A 2022"]
[Site "Jerusalem"]
[Date "2022.11.21"]
[Round "3.10"]
[White "Shevchenko, Kirill"]
[Black "Xu, Xiangyu"]
[Result "1/2-1/2"]
[ECO "B45"]
[WhiteElo "2649"]
[BlackElo "2577"]
[Annotator "TA"]
[PlyCount "74"]
[EventDate "2022.11.20"]
[EventType "team-tourn"]
[EventCountry "ISR"]
[SourceTitle "playchess.com"]
[Source "ChessBase"]
[SourceQuality "1"]
[WhiteTeam "Ukraine"]
[BlackTeam "China"]
[WhiteTeamCountry "UKR"]
[BlackTeamCountry "CHN"]
[TimeControl "2700+10"]

1. e4 c5 2. Nf3 Nc6 3. Nc3 e6 4. d4 cxd4 5. Nxd4 Nf6 6. Ndb5 Bb4 7. a3 Bxc3+ 8. Nxc3 d5 9. Bd3 dxe4 10. Nxe4 Nxe4 11. Bxe4 Qxd1+ 12. Kxd1 Bd7 13. b3 {[%emt 0:10:08] B45: Sicilian Four Knights.} O-O-O 14. Bb2 {[%emt 0:00:18] [#]} Nd4 $146 ({Predecessor:} 14... f5 15. Bf3 Be8+ 16. Kc1 Nd4 17. Bd1 Bc6 18. c3 Nb5 19. a4 Nd6 20. f3 f4 {1-0 (35) Maurizzi,M (2489)-Krastev,A (2402) Corte 2022}) 15. Bxd4 {[%emt 0:04:36] A strong pair of Bishops.} Bc6 16. Bxc6 Rxd4+ 17. Ke2 bxc6 $11 {[%emt 0:00:03][%mdl 4096] Endgame KRR-KRR} 18. Rhd1 Rd5 19. Rd3 Rhd8 20. Rad1 Kc7 21. f4 a5 22. c4 Rxd3 23. Rxd3 {[%emt 0:00:01] KR-KR} Rb8 24. Kd2 {[%emt 0:00:13] The position is equal.} c5 25. Kc3 Kc6 26. Rd2 h5 27. g3 g6 28. Rd1 Ra8 29. Rd2 Re8 30. b4 axb4+ 31. axb4 cxb4+ 32. Kxb4 Rb8+ 33. Kc3 Ra8 34. Kd4 Rd8+ 35. Ke3 (35. Kc3 $5 Ra8 36. Kd4 $11) 35... Ra8 36. Kd4 $1 Rd8+ 37. Ke3 Ra8 {[%emt 0:00:10] Not much happened in this game.  Weighted Error Value: White=0.05 (flawless) /Black=0.03 (flawless)} 1/2-1/2

[Event "FIDE WTC Prel-A 2022"]
[Site "Jerusalem"]
[Date "2022.11.21"]
[Round "3.11"]
[White "Bai, Jinshi"]
[Black "Volokitin, Andrei"]
[Result "1-0"]
[ECO "D02"]
[WhiteElo "2569"]
[BlackElo "2663"]
[Annotator "TA"]
[PlyCount "119"]
[EventDate "2022.11.20"]
[EventType "team-tourn"]
[EventCountry "ISR"]
[SourceTitle "playchess.com"]
[Source "ChessBase"]
[SourceQuality "1"]
[WhiteTeam "China"]
[BlackTeam "Ukraine"]
[WhiteTeamCountry "CHN"]
[BlackTeamCountry "UKR"]
[TimeControl "2700+10"]

1. d4 Nf6 2. Nf3 d5 3. g3 Bf5 4. c4 e6 5. Nc3 h6 6. Bf4 {[%emt 0:00:17] D02: 1 d4 d5 2 Nf3 sidelines, including 2...Nf6 3 g3 and 2...Nf6 3 Bf4.} c6 7. Qb3 Qb6 8. c5 {[%emt 0:00:03] White is slightly better.} Qxb3 9. axb3 {[%emt 0:00:02] [#]} Nbd7 $146 ({Predecessor:} 9... Be7 10. Bxb8 Rxb8 11. Rxa7 O-O 12. b4 Ra8 13. Ra3 Rxa3 14. bxa3 Ra8 15. a4 Ne4 16. Nxe4 dxe4 {0-1 (50) Rios Escobar,A (2276)-Bjelobrk,I (2405) Chess.com INT 2022}) 10. b4 g5 11. Be3 Ne4 12. Nxe4 (12. h3 $11) 12... Bxe4 $15 13. Rg1 Bg7 14. Nd2 Bc2 15. Rc1 Ba4 16. Ra1 Bc2 17. Rc1 Ba4 18. Ra1 Bb5 19. f4 Nf6 20. h3 {[%emt 0:01:14] Inhibits Ng4.} g4 21. h4 Ke7 22. Bf2 b6 23. e3 Bxf1 24. Rxf1 Rhb8 25. Ke2 bxc5 26. bxc5 Rxb2 27. Rfb1 Rxb1 28. Nxb1 Ne4 {[%emt 0:01:16] Hoping for ...Nxc5.} 29. Be1 Kd7 30. Nc3 Nxc3+ 31. Bxc3 {[%emt 0:00:01][%mdl 4096] Endgame KRB-KRB} Bf6 32. h5 Bd8 33. Ba5 $2 (33. Ra6 $15) 33... Bxa5 $19 34. Rxa5 {[%emt 0:00:01] KR-KR} a6 35. Kd3 {[%emt 0:00:18] [#]} Ke7 $1 36. Ra1 $2 (36. e4) 36... a5 37. Ra4 Kf6 38. e4 dxe4+ 39. Kxe4 Ra7 40. Kd3 Kf5 41. Ke3 Ra8 42. Kd3 Rb8 {[%emt 0:00:09] White must now prevent ...Rb3+.} 43. Rxa5 (43. Ke2 $142 Rb2+ 44. Kf1) 43... Rb3+ 44. Ke2 Rxg3 45. Ra6 Kxf4 {[%emt 0:01:12] And now ...Re3+ would win.} 46. Rxc6 Re3+ 47. Kd2 g3 48. Rc7 f5 49. Rg7 Re4 (49... Ra3 $142 50. d5 exd5 51. Ke2 Rc3 52. Rb7 Rc1 53. Rg7 Rxc5 54. Rb7 Rc1 55. Rg7 Rh1 56. Rg6 Rh2+ 57. Kd3 Rxh5 58. Kd4 Rg5 59. Rd6 g2 60. Kc5 g1=Q+ 61. Kxd5 Rg7 62. Rxh6 Qd1+ 63. Kc5 Ke5 64. Kb6 Qd4+ 65. Ka6 Ra7+ 66. Kb5 Rb7+ 67. Rb6 Rxb6+ 68. Ka5 Qb4#) 50. Kd3 Re1 51. Kd2 {[%emt 0:01:02] [#]} Ra1 $1 52. c6 Ra6 $2 (52... Kf3 $19 {is more deadly. Threatens to win with ...Ra6.} 53. Rg8 Ra7) 53. c7 $17 Rc6 {[%emt 0:00:01] ( -> ...Kf3)} 54. Ke2 Rc2+ ({Better is} 54... Ke4 $17 {Strongly threatening ...Kf4.} 55. Rxg3 Rc2+ 56. Ke1 Kxd4) 55. Kd3 $11 Rc1 {[%emt 0:00:19] aiming for ...Kf3.} 56. Kd2 $1 Rxc7 57. Rxc7 {[%emt 0:00:01] White mates.} g2 58. Rg7 Kf3 59. Ke1 f4 60. Rg6 {[%emt 0:00:04][%csl LRe6,LRh6] Weighted Error Value: White=0.64/Black=0.37} 1-0

[Event "FIDE WTC Prel-A 2022"]
[Site "Jerusalem"]
[Date "2022.11.21"]
[Round "3.12"]
[White "Kovalenko, Igor"]
[Black "Li, Di"]
[Result "0-1"]
[ECO "D63"]
[WhiteElo "2674"]
[BlackElo "2539"]
[Annotator "TA"]
[PlyCount "154"]
[EventDate "2022.11.20"]
[EventType "team-tourn"]
[EventCountry "ISR"]
[SourceTitle "playchess.com"]
[Source "ChessBase"]
[SourceQuality "1"]
[WhiteTeam "Ukraine"]
[BlackTeam "China"]
[WhiteTeamCountry "UKR"]
[BlackTeamCountry "CHN"]
[TimeControl "2700+10"]

1. c4 e6 2. Nc3 d5 3. d4 Nf6 4. Bg5 Be7 5. e3 Nbd7 6. Nf3 h6 7. Bh4 O-O 8. Rc1 c5 {[%emt 0:02:38] D63: Queen's Gambit Declined: Classical: 7 Rc1.} 9. dxc5 Nxc5 {[%emt 0:00:29] is now debated instead of 9...dxc4.} 10. cxd5 g5 {[%emt 0:00:08] The position is equal.} 11. Bg3 {[%emt 0:00:02] Threatens to win with d6.} Nxd5 12. Nxd5 Qxd5 13. Qxd5 exd5 14. Be5 Bf5 {[%emt 0:00:10] [#]} 15. Rd1 $146 (15. Nd4 {is more complex.} Be4 16. f3 Rfc8 17. Kf2) ({Predecessor:} 15. Be2 Rac8 16. O-O Bd3 17. Bxd3 Nxd3 18. Rcd1 Nxe5 19. Nxe5 Rc2 20. Rxd5 Rxb2 21. Rd7 {½-½ (42) So,W (2812)-Kramnik,V (2808) Leuven 2017}) 15... f6 16. Bc3 Rfd8 17. Nd4 Bd7 18. Bd3 (18. Bb4 $14) 18... Nxd3+ $11 19. Rxd3 Rac8 20. O-O Kf7 21. Rfd1 h5 22. a3 b6 23. f3 h4 24. Kf2 a5 25. Ne2 Be6 26. Bd4 Rd6 27. Rb3 Rc2 28. Ke1 Bd7 29. Rd2 Rxd2 30. Kxd2 Bd8 31. Nc3 Ke6 32. Nb5 Rc6 33. Nc3 $1 Rc4 34. a4 {[%emt 0:03:48] Inhibits b5.} ({Much worse is} 34. Bxb6 a4 35. Bxd8 axb3 $17) 34... Bxa4 35. Nxa4 Rxa4 36. Bxb6 {[%emt 0:00:01][%mdl 4096] Endgame KRB-KRB} Be7 37. Bd4 Bb4+ 38. Ke2 Ra1 39. Bc3 {[%emt 0:01:01] Prevents Re1+.} Bxc3 40. Rxc3 $15 {[%emt 0:00:02] KR-KR} h3 41. Kf2 (41. gxh3 $11 {was the only way to keep the balance.} Rh1 42. Kd3 (42. Rc6+ Ke5 $15)) 41... Ra2 $1 $17 42. gxh3 Rxb2+ 43. Kg3 {[%emt 0:00:01] [#]} a4 {[%emt 0:01:59] Black is much more active.} (43... Rb4 $1 $17 {Strongly threatening ...a4.} 44. Rc8 a4) 44. Rc6+ ({White should try} 44. h4 $11) 44... Ke5 $15 {[%emt 0:00:25] Black converts the advantage convincingly.} 45. Ra6 {[%emt 0:00:22] [#]} (45. h4 $17 {was the only defense.}) 45... Rb4 $1 $19 {[%emt 0:00:25] aiming for ...f5.} 46. Kf2 $2 (46. f4+ gxf4+ 47. exf4+ Kf5 48. h4) 46... f5 {[%emt 0:00:27] ...f4 is the strong threat.} 47. Ra8 f4 48. exf4+ Kxf4 49. Ke2 Rb2+ 50. Kd3 Rxh2 51. Rf8+ Ke5 {[%emt 0:00:46] Hoping for ...a3.} 52. Rg8 Kf6 53. Rf8+ Ke6 54. Re8+ Kd6 55. Rg8 Rxh3 56. Rxg5 Rxf3+ 57. Kd4 {[%emt 0:00:07] Black mates.} Rf4+ 58. Kc3 Kc5 59. Rg8 Rf3+ 60. Kc2 a3 61. Rc8+ Kd4 62. Ra8 Rf2+ 63. Kb1 Rb2+ 64. Ka1 Rb3 65. Ka2 Rc3 66. Rh8 Kc4 67. Rc8+ Kd3 68. Rh8 d4 69. Rh3+ Kc4 70. Rh4 Rg3 71. Rh8 d3 72. Rc8+ Kb4 73. Rb8+ Kc3 74. Rc8+ Kd2 75. Kxa3 Kd1 76. Kb2 d2 77. Re8 Rg5 {[%emt 0:00:08] Weighted Error Value: White=0.47/Black=0.05 (flawless)} 0-1